3AAA
HAMILTON COYOTES @ HIALEAH DODOS
08/18/2024
 
TOP OF THE 1ST
Hamilton Coyotes batting - Pitching for Hialeah Dodos : RHP Jim Unknown
Pitching: RHP Jim Unknown
Batting: RHB Ben Daniel 0-0: Ball
1-0: Called Strike
1-1: Foul Ball, location: 2F
1-2: Foul Ball, location: 2F
1-2: Ball
2-2: Foul Ball, location: 2F
2-2: Ball
3-2: SINGLE (Groundball, 56)
Batting: RHB Nectanebos Dolenian 0-0: Ball
1-0: Ball
2-0: Ball
3-0: Base on Balls
Ben Daniel to second
Batting: RHB Héctor Rojas 0-0: Ball
1-0: Foul Ball, location: 2F
1-1: Swinging Strike
1-2: Foul Ball, location: 2F
1-2: Ball
2-2: Strikes out looking
Batting: RHB Ralph May 0-0: Ground out 5-3 (Groundball, 5S)
Ben Daniel to third
Nectanebos Dolenian to second
Batting: RHB Dan Bernard 0-0: Swinging Strike
0-1: Fly out, F8 (Flyball, 8LM)
Top of the 1st over - 0 run(s), 1 hit(s), 0 error(s), 2 left on base; Hamilton 0 - Hialeah 0
BOTTOM OF THE 1ST
Hialeah Dodos batting - Pitching for Hamilton Coyotes : RHP Jim Unknown
Pitching: RHP Jim Unknown
Batting: RHB Diego Bonilla 0-0: Fly out, F8 (Flyball, 8RM)
Batting: LHB John Cossey 0-0: Fly out, F3 (Popup, 34S)
Batting: LHB Jeff Rutherford 0-0: Swinging Strike
0-1: Ball
1-1: Ball
2-1: Called Strike
2-2: Foul Ball, location: 2F
2-2: Foul Ball, location: 2F
2-2: Ball
3-2: Fly out, F8 (Flyball, 8RM)
Bottom of the 1st over - 0 run(s), 0 hit(s), 0 error(s), 0 left on base; Hamilton 0 - Hialeah 0
TOP OF THE 2ND
Hamilton Coyotes batting - Pitching for Hialeah Dodos : RHP Jim Unknown
Batting: LHB Ralph Dunford 0-0: Ball
1-0: Swinging Strike
1-1: Ground out U3 (Groundball, 3)
Batting: RHB Jon Erickson 0-0: Ball
1-0: Swinging Strike
1-1: Ball
2-1: Ball
3-1: Foul Ball, location: 2F
3-2: Foul Ball, location: 2F
3-2: Base on Balls
Batting: RHB Stan Pierce 0-0: SINGLE (Groundball, 4M)
Jon Erickson to second
Batting: RHB Anthony Trujillo 0-0: Ball
1-0: Fly out, F3 (Popup, 23)
Batting: RHB Ben Daniel 0-0: Fly out, F5 (Line Drive, 5)
Top of the 2nd over - 0 run(s), 1 hit(s), 0 error(s), 2 left on base; Hamilton 0 - Hialeah 0
BOTTOM OF THE 2ND
Hialeah Dodos batting - Pitching for Hamilton Coyotes : RHP Jim Unknown
Batting: RHB Alexis Smeddon 0-0: Ball
1-0: Ball
2-0: Ball
3-0: Called Strike
3-1: Called Strike
3-2: Foul Ball, location: 2F
3-2: Base on Balls
Batting: LHB Raúl Aguirre 0-0: Called Strike
0-1: Ground out 3-1 (Groundball, 34)
Alexis Smeddon to second
Batting: LHB Perry Bothof 0-0: Called Strike
0-1: Fly out, F9 (Line Drive, 89XD)
Runner from 2nd tags up, SAFE at 3rd, no throw
Batting: LHB Álex Burgos 0-0: Fly out, F9 (Flyball, 89XD)
Bottom of the 2nd over - 0 run(s), 0 hit(s), 0 error(s), 1 left on base; Hamilton 0 - Hialeah 0
TOP OF THE 3RD
Hamilton Coyotes batting - Pitching for Hialeah Dodos : RHP Jim Unknown
Batting: RHB Nectanebos Dolenian 0-0: Foul Ball, location: 2F
0-1: Foul Ball, location: 2F
0-2: Ground out 3-1 (Groundball, 34S)
Batting: RHB Héctor Rojas 0-0: Ground out 5-3 (Groundball, 56S)
Batting: RHB Ralph May 0-0: Ball
1-0: Ball
2-0: Called Strike
2-1: Ground out 6-3 (Groundball, 6M)
Top of the 3rd over - 0 run(s), 0 hit(s), 0 error(s), 0 left on base; Hamilton 0 - Hialeah 0
BOTTOM OF THE 3RD
Hialeah Dodos batting - Pitching for Hamilton Coyotes : RHP Jim Unknown
Batting: RHB Javier Santos 0-0: Ball
1-0: Swinging Strike
1-1: DOUBLE (Flyball, 89XD)
Batting: RHB Vincente Rotham 0-0: Ball
1-0: Fly out, F3 (Popup, 3F)
Batting: RHB Diego Bonilla 0-0: Ball
1-0: Ball
2-0: SINGLE (Line Drive, 6MD)
Javier Santos to third
Runner from 3rd tries for Home, SAFE, no throw or cutoff
Batting: LHB John Cossey 0-0: Called Strike
0-1: Ball
1-1: Ball
2-1: Fly out, F9 (Flyball, 9M)
Batting: LHB Jeff Rutherford 0-0: Called Strike
0-1: Ball
1-1: Ball
2-1: Foul Ball, location: 2F
2-2: Ball
3-2: Base on Balls
Diego Bonilla to second
Batting: RHB Alexis Smeddon 0-0: Ball
1-0: Foul Ball, location: 2F
1-1: Ball
2-1: Fly out, F7 (Flyball, 78M)
Bottom of the 3rd over - 1 run(s), 2 hit(s), 0 error(s), 2 left on base; Hamilton 0 - Hialeah 1
TOP OF THE 4TH
Hamilton Coyotes batting - Pitching for Hialeah Dodos : RHP Jim Unknown
Batting: RHB Dan Bernard 0-0: Ball
1-0: SINGLE (Line Drive, 89S)
Batting: LHB Ralph Dunford 0-0: Ball
1-0: Foul Ball, location: 2F
1-1: Swinging Strike
1-2: Ball
2-2: Fly out, F8 (Flyball, 8LS)
Batting: RHB Jon Erickson 0-0: Ball
1-0: Foul Ball, location: 2F
1-1: Fly out, F3 (Popup, 3)
Batting: RHB Stan Pierce 0-0: Fielders Choice at 2nd, U6 (Groundball, 6M)
Top of the 4th over - 0 run(s), 1 hit(s), 0 error(s), 1 left on base; Hamilton 0 - Hialeah 1
BOTTOM OF THE 4TH
Hialeah Dodos batting - Pitching for Hamilton Coyotes : RHP Jim Unknown
Batting: LHB Raúl Aguirre 0-0: Ball
1-0: Fly out, F7 (Flyball, 7S)
Batting: LHB Perry Bothof 0-0: Foul Ball, location: 2F
0-1: Swinging Strike
0-2: Ground out U3 (Groundball, 3)
Batting: LHB Álex Burgos 0-0: Swinging Strike
0-1: Foul Ball, location: 2F
0-2: Strikes out swinging
Bottom of the 4th over - 0 run(s), 0 hit(s), 0 error(s), 0 left on base; Hamilton 0 - Hialeah 1
TOP OF THE 5TH
Hamilton Coyotes batting - Pitching for Hialeah Dodos : RHP Jim Unknown
Batting: RHB Anthony Trujillo 0-0: Ball
1-0: Called Strike
1-1: Swinging Strike
1-2: Foul Ball, location: 2F
1-2: Strikes out swinging
Batting: RHB Ben Daniel 0-0: Called Strike
0-1: Swinging Strike
0-2: Strikes out swinging
Batting: RHB Nectanebos Dolenian 0-0: Ball
1-0: Ball
2-0: Called Strike
2-1: Swinging Strike
2-2: Foul Ball, location: 2F
2-2: Ball
3-2: Ground out 5-3 (Groundball, 56S)
Top of the 5th over - 0 run(s), 0 hit(s), 0 error(s), 0 left on base; Hamilton 0 - Hialeah 1
BOTTOM OF THE 5TH
Hialeah Dodos batting - Pitching for Hamilton Coyotes : RHP Jim Unknown
Batting: RHB Javier Santos 0-0: SINGLE (Line Drive, 4MD)
Batting: RHB Vincente Rotham 0-0: Ball
1-0: Ball
2-0: Bunted foul
2-1: Ball
3-1: Bunt missed!
3-2: Ground out 6-3 (Groundball, 6M)
Javier Santos to second
Batting: RHB Diego Bonilla 0-0: Called Strike
0-1: Foul Ball, location: 2F
0-2: Ground out 4-3 (Groundball, 4)
Javier Santos to third
Batting: LHB John Cossey 0-0: Ball
1-0: Foul Ball, location: 2F
1-1: Foul Ball, location: 2F
1-2: Fly out, F7 (Flyball, 7M)
Bottom of the 5th over - 0 run(s), 1 hit(s), 0 error(s), 1 left on base; Hamilton 0 - Hialeah 1
TOP OF THE 6TH
Hamilton Coyotes batting - Pitching for Hialeah Dodos : RHP Jim Unknown
Batting: RHB Héctor Rojas 0-0: Swinging Strike
0-1: Ball
1-1: DOUBLE (Flyball, 78XD)
Batting: RHB Ralph May 0-0: Ball
1-0: SINGLE (Groundball, 6MD)
Héctor Rojas to third
Batting: RHB Dan Bernard 0-0: Foul Ball, location: 2F
0-1: Swinging Strike
0-2: Foul Ball, location: 2F
0-2: Ball
1-2: Ball
2-2: Ball
3-2: Ground out 5-3 (Groundball, 5L)
Ralph May to second
Batting: LHB Ralph Dunford 0-0: Ball
1-0: SINGLE (Line Drive, 34D)
Héctor Rojas scores
Ralph May to third
Runner from 3rd tries for Home, SAFE, throw made home
Batting: RHB Jon Erickson 0-0: Fly out, F8 (Flyball, 8LM)
Batting: RHB Stan Pierce 0-0: Called Strike
0-1: TRIPLE (Flyball, 8RM)
Ralph Dunford scores
Batting: RHB Anthony Trujillo 0-0: Reached on error, E6 (Groundball, 6)
Stan Pierce scores
Batting: RHB Ben Daniel 0-0: Called Strike
0-1: Ball
1-1: Ball
2-1: Swinging Strike
2-2: Foul Ball, location: 2F
2-2: Foul Ball, location: 2F
2-2: Fly out, F7 (Flyball, 7M)
Top of the 6th over - 4 run(s), 4 hit(s), 1 error(s), 1 left on base; Hamilton 4 - Hialeah 1
BOTTOM OF THE 6TH
Hialeah Dodos batting - Pitching for Hamilton Coyotes : RHP Jim Unknown
Batting: LHB Jeff Rutherford 0-0: Ball
1-0: Swinging Strike
1-1: Foul Ball, location: 2F
1-2: Ground out 4-3 (Groundball, 34)
Batting: RHB Alexis Smeddon 0-0: Ball
1-0: Called Strike
1-1: Fly out, F9 (Flyball, 9M)
Batting: LHB Raúl Aguirre 0-0: Called Strike
0-1: Ground out 3-1 (Groundball, 34S)
Bottom of the 6th over - 0 run(s), 0 hit(s), 0 error(s), 0 left on base; Hamilton 4 - Hialeah 1
TOP OF THE 7TH
Hamilton Coyotes batting - Pitching for Hialeah Dodos : RHP Jim Unknown
Batting: RHB Nectanebos Dolenian 0-0: Ball
1-0: Fly out, F2 (Popup, 25F)
Batting: RHB Héctor Rojas 0-0: Foul Ball, location: 2F
0-1: Foul Ball, location: 2F
0-2: Strikes out swinging
Batting: RHB Ralph May 0-0: Ground out 1-3 (Groundball, 23)
Top of the 7th over - 0 run(s), 0 hit(s), 0 error(s), 0 left on base; Hamilton 4 - Hialeah 1
BOTTOM OF THE 7TH
Hialeah Dodos batting - Pitching for Hamilton Coyotes : RHP Jim Unknown
Batting: LHB Perry Bothof 0-0: Ground out 6-3 (Groundball, 6M)
Batting: LHB Álex Burgos 0-0: Foul Ball, location: 2F
0-1: Foul Ball, location: 2F
0-2: Ball
1-2: DOUBLE (Flyball, 8LXD)
Batting: RHB Javier Santos 0-0: Ball
1-0: Ground out 6-3 (Groundball, 6M)
Álex Burgos to third
Batting: RHB Vincente Rotham 0-0: Ball
1-0: Fly out, F7 (Flyball, 7D)
Bottom of the 7th over - 0 run(s), 1 hit(s), 0 error(s), 1 left on base; Hamilton 4 - Hialeah 1
TOP OF THE 8TH
Hamilton Coyotes batting - Pitching for Hialeah Dodos : RHP Jim Unknown
Batting: RHB Dan Bernard 0-0: Foul Ball, location: 2F
0-1: Ball
1-1: Foul Ball, location: 2F
1-2: Foul Ball, location: 2F
1-2: Ball
2-2: Ball
3-2: Base on Balls
Batting: LHB Ralph Dunford 0-0: Ball
1-0: Sac Bunt - play at first, batter OUT! 5-4
Dan Bernard to second
Batting: RHB Jon Erickson 0-0: Ball
Wild Pitch!
Dan Bernard to third
1-0: Swinging Strike
1-1: Swinging Strike
1-2: Ball
2-2: Ball
3-2: Ground out 3-1 (Groundball, 3L)
Pitching: RHP Jim Unknown
Batting: RHB Stan Pierce 0-0: Called Strike
0-1: Called Strike
0-2: Ball
1-2: Strikes out swinging
Top of the 8th over - 0 run(s), 0 hit(s), 0 error(s), 1 left on base; Hamilton 4 - Hialeah 1
BOTTOM OF THE 8TH
Hialeah Dodos batting - Pitching for Hamilton Coyotes : RHP Jim Unknown
Batting: RHB Diego Bonilla 0-0: Ball
1-0: Swinging Strike
1-1: Ball
2-1: Ball
3-1: SINGLE (Line Drive, 89S)
Batting: LHB John Cossey 0-0: Ball
1-0: Foul Ball, location: 2F
1-1: Ball
2-1: DOUBLE (Line Drive, 9M)
Diego Bonilla to third
Batting: LHB Jeff Rutherford 0-0: Called Strike
0-1: Ground out 4-3 (Groundball, 34)
Diego Bonilla scores
John Cossey to third
Batting: RHB Alexis Smeddon 0-0: Called Strike
0-1: Called Strike
0-2: Strikes out looking
Batting: LHB Raúl Aguirre 0-0: DOUBLE (Line Drive, 3D)
John Cossey scores
Batting: LHB Perry Bothof 0-0: Ball
1-0: Ball
2-0: SINGLE (Groundball, 34)
Raúl Aguirre to third
Runner from 3rd tries for Home, SAFE, no throw or cutoff
Batting: LHB Álex Burgos 0-0: Foul Ball, location: 2F
0-1: Fly out, F5 (Line Drive, 5)
Bottom of the 8th over - 3 run(s), 4 hit(s), 0 error(s), 1 left on base; Hamilton 4 - Hialeah 4
TOP OF THE 9TH
Hamilton Coyotes batting - Pitching for Hialeah Dodos : RHP Jim Unknown
Pitching: RHP Jim Unknown
Pinch Hitting: RHB Noel Wells 0-0: Called Strike
0-1: Ball
1-1: SOLO HOME RUN (Line Drive, 8LXD), Distance : 429 ft
Batting: RHB Ben Daniel 0-0: Called Strike
0-1: Ball
1-1: Foul Ball, location: 2F
1-2: Ball
2-2: Strikes out swinging
Batting: RHB Nectanebos Dolenian 0-0: Ball
1-0: Ground out 6-3 (Groundball, 6)
Batting: RHB Héctor Rojas 0-0: Ball
1-0: Called Strike
1-1: Ball
2-1: SOLO HOME RUN (Line Drive, 9D), Distance : 382 ft
Batting: RHB Ralph May 0-0: Ball
1-0: Called Strike
1-1: Foul Ball, location: 2F
1-2: Ball
2-2: Foul Ball, location: 2F
2-2: Fly out, F9 (Flyball, 9S)
Top of the 9th over - 2 run(s), 2 hit(s), 0 error(s), 0 left on base; Hamilton 6 - Hialeah 4
BOTTOM OF THE 9TH
Hialeah Dodos batting - Pitching for Hamilton Coyotes : RHP Jim Unknown
Pitching: LHP Jim Unknown
Now at 1B: Jack O'Brien
Now in CF: Lance Schiffer
Now in RF: Monty Sharp
Batting: RHB Javier Santos 0-0: SINGLE (Flyball, 89S)
Pinch Hitting: RHB Yoshio Matsuo 0-0: SINGLE (Line Drive, 9S)
Javier Santos to second
Batting: RHB Diego Bonilla 0-0: Ball
1-0: Called Strike
1-1: Ball
2-1: Ball
3-1: Base on Balls
Javier Santos to third
Yoshio Matsuo to second
Pinch Hitting: RHB Ji-chol Yang 0-0: Ball
1-0: Foul Ball, location: 2F
1-1: Foul Ball, location: 2F
1-2: DOUBLE (Line Drive, 89D)
Javier Santos scores
Yoshio Matsuo scores
Diego Bonilla to third
Pinch Hitting: RHB Andre Dixon 0-0: Called Strike
0-1: Ball
1-1: Called Strike
1-2: Foul Ball, location: 2F
1-2: Strikes out swinging
Batting: RHB Alexis Smeddon 0-0: Intentional Walk
Pinch Hitting: RHB Steve McLeod 0-0: Called Strike
0-1: Ball
1-1: Swinging Strike
1-2: Foul Ball, location: 2F
1-2: Ball
2-2: Foul Ball, location: 2F
2-2: Ball
3-2: Foul Ball, location: 2F
3-2: Foul Ball, location: 2F
3-2: Base on Balls
Diego Bonilla scores
Ji-chol Yang to third
Alexis Smeddon to second
This league is powered by Out of the Park Baseball, the baseball management simulation game for PC, Mac and Linux
Monday, October 3rd, 2016 - OOTP Baseball 16.9 Build 39